AoeStats
← 风雨中的子弹

Arena

511512019Analyzed
2v2 RM · 12d ago on Oct 5, 2026· 58m 48s· 4 players
Game mode
Random Map
Map size
Medium (4 player)
Population
200
Speed
Normal
Resources
Standard
Victory
Conquest
Starting age
Dark Age
Ending age
Imperial Age
RankedLock teamsTeams togetherTeam positionsShared explorationLock speedFull tech treeHidden civsTurbo modeCheats
Victory
Defeat
🇪🇬 Britons · Egypt
513
+11
🇬🇧 Celts · United Kingdom
438
+14
vs
🇨🇳 Chinese · China
452
-15
🇧🇷 Cumans · Brazil
345
-10
samko.keta
9:43 Feudal Age
10:31 Double-Bit Axe
12:12 Wheelbarrow
12:34 Horse Collar
12:43 Horse Collar
17:49 Gold Mining
17:50 Stone Mining
18:14 Loom
23:38 Castle Age
24:40 Heavy Plow
24:54 Bow Saw
26:42 Gold Shaft Mining
30:08 Treadmill Crane
30:49 Ballistics
32:25 Masonry
32:46 Town Watch
39:26 Imperial Age
37:15 Hand Cart
38:35 Yeomen
39:15 Town Patrol
40:49 Caravan
41:00 Guilds
41:18 Conscription
42:05 Chemistry
41:16 Siege Engineers
41:26 Fervor
43:02 Two-Man Saw
42:05 Guard Tower
42:14 Murder Holes
42:31 Fortified Wall
43:37 Elite Longbowman
45:56 Architecture
45:27 Arrowslits
45:49 Fletching
46:00 Padded Archer Armor
46:43 Keep
48:08 Bodkin Arrow
48:28 Leather Archer Armor
49:15 Bracer
49:55 Hoardings
49:20 Warwolf
52:19 Heavy Scorpion
55:56 Onager
58:35 Spies/Treason
[PoGS] Khelben Waterdeep
1:24 Loom
14:14 Feudal Age
16:24 Wheelbarrow
15:35 Horse Collar
15:44 Double-Bit Axe
16:22 Man-at-Arms
17:16 Town Watch
19:08 Arson
21:08 Forging
21:00 Scale Mail Armor
23:08 Scale Barding Armor
24:11 Gold Mining
24:12 Stone Mining
24:19 Fletching
24:33 Padded Archer Armor
29:31 Castle Age
30:47 Bow Saw
32:43 Iron Casting
32:24 Chain Mail Armor
32:31 Chain Barding Armor
32:17 Husbandry
32:55 Hand Cart
37:12 Heavy Plow
37:29 Bodkin Arrow
37:59 Ballistics
39:03 Fortified Wall
38:49 Murder Holes
39:05 Masonry
45:26 Imperial Age
43:03 Caravan
43:25 Leather Archer Armor
43:52 Fervor
43:37 Herbal Medicine
44:24 Gold Shaft Mining
44:24 Stone Shaft Mining
44:29 Stronghold
46:32 Conscription
45:34 Elite Woad Raider
48:02 Blast Furnace
47:37 Plate Mail Armor
58:01 Spies/Treason
Cabecinha22maluco22
18:00 Feudal Age
20:46 Horse Collar
21:46 Man-at-Arms
24:18 Scale Mail Armor
24:25 Scale Barding Armor
24:39 Forging
26:37 Castle Age
26:26 Bloodlines
28:16 Pikeman
32:02 Squires
31:49 Arson
31:55 Arson
33:53 Heavy Plow
33:45 Double-Bit Axe
38:11 Long Swordsman
38:20 Light Cavalry
40:08 Chain Mail Armor
40:14 Chain Barding Armor
40:33 Iron Casting
55:57 Steppe Husbandry
风雨中的子弹
0:41 Loom
10:54 Feudal Age
11:24 Town Watch
11:30 Double-Bit Axe
13:18 Horse Collar
17:17 Wheelbarrow
20:23 Man-at-Arms
30:52 Castle Age
29:50 Forging
29:30 Fletching
29:41 Padded Archer Armor
29:41 Scale Mail Armor
31:15 Long Swordsman
32:06 Bodkin Arrow
32:46 Iron Casting
33:46 Hand Cart
34:39 Town Patrol
36:31 Chain Mail Armor
36:31 Leather Archer Armor
36:47 Town Patrol
38:10 Crossbowman
38:55 Thumb Ring
45:08 Guard Tower
45:32 Fortified Wall
47:39 Pikeman
50:26 Bow Saw
50:19 Heavy Plow
51:33 Gold Mining
51:33 Stone Mining
58:02 Imperial Age
Connection lost

Rejoining the realm…

Still unreachable

The connection could not be restored.

Session expired

The server has moved on; the page needs a fresh start.